Map: Dämmertürme

Players

GeneralReddy - Winner!

  • Race: Terran Terran
  • League: Diamond

VOD

Have the link to the VOD?

Description

Avilo Hellion Banshee into Mech- my 1 racks fe alternative

Time

  • Played on: Dec. 2, 2015, 7:32 p.m.
  • Length: 10:30
Show
View Real Time Build Order
Export as new Build Order

GeneralReddy Terran - Winner!

Build Orders: Hellion Banshee, Mech 

Get SALT Encoding   

  12  0:02  SCV  
  12  0:14  SCV  
  12  0:18  Supply Depot  
  12  0:26  SCV  
  12  0:40  SCV  
  12  0:42  Barracks  
  12  0:46  Refinery  
  12  0:52  SCV  
  12  1:04  SCV  
  12  1:19  SCV  
  12  1:30  Marine  
  12  1:31  Orbital Command  
  12  1:47  Factory  
  12  1:50  Marine  
  12  1:59  Command Center  
  12  2:01  SCV  
  12  2:10  Supply Depot  
  12  2:14  Refinery  
  12  2:17  SCV  
  12  2:20  Barracks Reactor  
  12  2:32  SCV, Hellion  
  12  2:42  Starport  
  12  2:46  SCV  
  12  2:55  Factory Tech Lab  
  12  2:57  Marine x2  
  12  3:00  SCV  
  12  3:06  Starport  
  12  3:14  Refinery  
  12  3:15  SCV  
  12  3:18  Orbital Command  
  12  3:35  SCV  
  12  3:37  Cloaking Field  
  12  3:46  Banshee  
  12  3:47  SCV  
  12  3:52  Supply Depot  
  12  3:54  Viking  
  12  3:55  SCV  
  12  4:00  SCV  
  12  4:04  Hellion  
  12  4:07  SCV, Hellion  
  12  4:12  SCV  
  12  4:18  Supply Depot  
  12  4:19  SCV  
  12  4:24  SCV  
  12  4:28  Raven  
  12  4:34  Hellion x2  
  12  4:39  SCV x2  
  12  4:42  Supply Depot  
  12  4:49  Refinery  
  12  4:51  SCV x2  
  12  4:53  Supply Depot  
  12  4:54  Viking  
  12  4:57  Hellion  
  12  5:03  SCV x2, Hellion  
  12  5:16  Factory  
  12  5:18  Factory  
  12  5:20  Banshee  
  12  5:25  SCV x2  
  12  5:34  Command Center  
  12  5:38  Viking  
  12  5:44  Supply Depot  
  12  5:45  SCV x2  
  12  5:49  Barracks Tech Lab  
  12  5:57  SCV x2  
  12  6:01  Supply Depot  
  12  6:04  Factory Tech Lab  
  12  6:05  Banshee  
  12  6:11  Starport Reactor  
  12  6:12  SCV  
  12  6:13  SCV  
  12  6:22  Supply Depot  
  12  6:23  Siege Tank x2  
  12  6:31  Infernal Pre-Igniter  
  12  6:36  SCV x2, Armory  
  12  6:43  Hellion x2  
  12  6:46  Supply Depot  
  12  6:47  Orbital Command  
  12  6:54  Viking  
  12  6:55  Viking  
  12  6:56  Banshee  
  12  7:00  SCV x2  
  12  7:06  Supply Depot  
  12  7:08  Supply Depot  
  12  7:12  SCV  
  12  7:14  Orbital Command  
  12  7:17  Refinery  
  12  7:19  Siege Tank x2  
  12  7:23  Refinery  
  12  7:25  Hellbat  
  12  7:26  Hellbat  
  12  7:27  Terran Vehicle Weapons Level 1  
  12  7:32  Liberator x2  
  12  7:34  Armory  
  12  7:35  SCV x2  
  12  7:41  SCV  
  12  7:47  SCV  
  12  7:51  SCV  
  12  7:53  SCV  
  12  7:59  SCV  
  12  8:03  SCV, Hellbat  
  12  8:04  Hellbat  
  12  8:05  SCV, Siege Tank  
  12  8:08  Siege Tank  
  12  8:11  SCV  
  12  8:14  Supply Depot  
  12  8:15  SCV  
  12  8:16  Supply Depot  
  12  8:20  Liberator x2  
  12  8:24  Terran Vehicle And Ship Armor Level 1  
  12  8:28  Command Center  
  12  8:36  Hellbat x2  
  12  8:43  Banshee  
  12  8:46  SCV  
  12  8:47  SCV x2  
  12  8:52  Supply Depot  
  12  8:55  Supply Depot  
  12  8:59  Supply Depot  
  12  9:04  Supply Depot  
  12  9:14  Siege Tank, Hellbat x2  
  12  9:16  Siege Tank  
  12  9:17  Supply Depot  
  12  9:20  Supply Depot, Viking x2  
  12  9:26  Banshee  
  12  9:36  Hellbat x2  
  12  9:37  Command Center  
  12  9:40  Orbital Command  
  12  9:46  Siege Tank  
  12  9:48  Siege Tank  
  12  9:50  Supply Depot x2  
  12  9:51  Factory x2  
  12  9:52  Starport  
  12  9:54  Viking x2  
  12  9:56  Orbital Command  
  12  9:58  Hellbat x2  
  12  10:02  SCV x2  
  12  10:19  Refinery  
  12  10:20  Engineering Bay  
Tags
 
Add a new tag
Caveats
  • Supply blocks, unpowered buildings, or Contaminate may cause inaccurate times.
  • Supply counts are checked every 10 seconds.